 Dungeon Crawl Stone Soup version 0.30-a0-341-g682706514a (webtiles) character file.

Game seed: 8311629918090320076

429 loralnil the Sneak (level 6, -2/28 HPs)
             Began as a Spriggan Enchanter on Nov 1, 2022.
             Was an Initiate of Dithmenos.
             Slain by a gnoll bouda
             ... wielding a +0 whip
              (11 damage)
             ... on level 7 of the Dungeon.
             The game lasted 00:07:36 (3902 turns).

loralnil the Sneak (Spriggan Enchanter)             Turns: 3902, Time: 00:07:36

Health: -2/28      AC:  2    Str:  4    XL:     6   Next: 66%
Magic:  1/11       EV: 17    Int: 19    God:    Dithmenos [......]
Gold:   167        SH:  0    Dex: 15    Spells: 9/11 levels left

rFire   . . .      SeeInvis +    e - +1 dagger (venom)
rCold   + . .      Faith    .    (no shield)
rNeg    + . .      Spirit   .    b - +0 robe
rPois   .          Reflect  .    (helmet restricted)
rElec   .          Harm     .    (no cloak)
rCorr   .          Rampage  .    (gloves unavailable)
Will    +....                    (boots unavailable)
Stlth   ++++......               (no amulet)
HPRegen 0.24/turn                m - ring of positive energy
MPRegen 0.12/turn                j - ring of protection from cold

@: weakened, very quick
A: very small, no large weapons, unfitting armour, see invisible, speed 3
a: Renounce Religion


You were on level 7 of the Dungeon.
You worshipped Dithmenos.
Dithmenos was noncommittal.
You visited 2 branches of the dungeon, and saw 6 of its levels.

You collected 167 gold pieces.

Inventory:

Hand Weapons
 a - a +1 dagger
 e - a +1 dagger of venom (weapon)
Armour
 b - a +0 robe (worn)
Jewellery
 j - a ring of protection from cold (right hand)
 m - a ring of positive energy (left hand)
Wands
 q - a wand of charming (6)
Scrolls
 n - 3 scrolls of butterflies
 p - a scroll of fear
 t - a scroll of enchant weapon {unknown}
 u - a scroll of immolation {unknown}
Potions
 c - 2 potions of invisibility
 d - 3 potions of haste
 f - a potion of ambrosia {unknown}
 g - a potion of mutation {unknown}
 h - a potion of resistance {unknown}
 i - a potion of cancellation {unknown}
 k - 2 potions of degeneration {unknown}
 l - 3 potions of attraction {unknown}
 o - 3 potions of flight {unknown}
 r - a potion of brilliance {unknown}
 s - 2 potions of heal wounds {unknown}


   Skills:
 + Level 4.3 Short Blades
 - Level 3.0 Dodging
 + Level 7.5 Stealth
 - Level 3.0 Spellcasting
 + Level 5.9 Hexes


You had 9 spell levels left.
You knew the following spells:

 Your Spells              Type           Power      Damage    Failure   Level
a - Ensorcelled Hibernat  Hex/Ice        28%        N/A       7%          2

Your spell library contained the following spells:

 Spells                   Type           Power      Damage    Failure   Level
 Confusing Touch          Hex            25%        N/A       4%          3
 Tukima's Dance           Hex            25%        N/A       4%          3
 Dazzling Flash           Conj/Hex       28%        N/A       14%         3
 Silence                  Hex/Air        7%         N/A       77%         5
 Agony                    Necr           2%         N/A       99%         5


Dungeon Overview and Level Annotations

Branches:
Dungeon (7/15)             Temple (1/1) D:7

Altars:
Dithmenos
Elyvilon
Gozag
Kikubaaqudgha
Okawaru
Qazlal
Uskayaw

Shops:
D:3 (


Innate Abilities, Weirdness & Mutations

You are very small and have problems with some larger weapons.
You are too small for most types of armour.
You have supernaturally acute eyesight. (SInv)
You cover ground extremely quickly. (Speed+++)


Message History

Casting: Ensorcelled Hibernation (safe; 7% risk of failure)
Confirm with . or Enter, or press ? or * to list all spells.
Aiming: Ensorcelled Hibernation (safe; 7% risk of failure)
Press: ? - help, Shift-Dir - straight line, f - gnoll
Aim: a gnoll, wielding a +0 spear (covering ground quickly, chance to affect: 56%)
The gnoll resists with significant effort.
The gnoll hits you with a +0 spear.
Casting: Ensorcelled Hibernation (safe; 7% risk of failure)
Confirm with . or Enter, or press ? or * to list all spells.
Aiming: Ensorcelled Hibernation (safe; 7% risk of failure)
Press: ? - help, Shift-Dir - straight line, f/p - gnoll
Aim: a gnoll, wielding a +0 spear (covering ground quickly, chance to affect: 56%)
The gnoll looks drowsy...
The gnoll bouda barks out a call to the hunt!
You hear a shout! x2
The helpless gnoll fails to defend itself.
You impale the gnoll!!
You kill the gnoll!
Dithmenos accepts your kill.
Casting: Ensorcelled Hibernation (safe; 7% risk of failure)
Confirm with . or Enter, or press ? or * to list all spells.
Aiming: Ensorcelled Hibernation (safe; 7% risk of failure)
Press: ? - help, Shift-Dir - straight line, f - gnoll bouda
Aim: a gnoll bouda, wielding a +0 whip and wearing a +0 leather armour (chance to affect: 48%)
The gnoll bouda resists with some effort.
Casting: Ensorcelled Hibernation (safe; 7% risk of failure)
Confirm with . or Enter, or press ? or * to list all spells.
Aiming: Ensorcelled Hibernation (safe; 7% risk of failure)
Press: ? - help, Shift-Dir - straight line, f/p - gnoll bouda
Aim: a gnoll bouda, wielding a +0 whip and wearing a +0 leather armour (chance to affect: 48%)
The gnoll bouda resists with some effort.
The gnoll bouda hits you with a +0 whip!
Casting: Ensorcelled Hibernation (safe; 7% risk of failure)
Confirm with . or Enter, or press ? or * to list all spells.
Aiming: Ensorcelled Hibernation (safe; 7% risk of failure)
Press: ? - help, Shift-Dir - straight line, f/p - gnoll bouda
Aim: a gnoll bouda, wielding a +0 whip and wearing a +0 leather armour (chance to affect: 48%)
The gnoll bouda resists with some effort.
The gnoll bouda hits you with a +0 whip!
You die...

.# #.# .# ###.###
.# ###'###
.#######⌠.⌠#######
.......'.>.'.....#
..######⌠.⌠#####.#
...# ####### #.#
..## ###o### #.#
.## #o# #@# .# #o#
####g# .# ...
#....# +# .##
#gg### o .o...
##.## #. .


You could see a gnoll bouda and a gnoll (swift).

Vanquished Creatures
  A black bear (D:4)
  A scorpion (D:4)
  An iguana (D:4)
  2 orc wizards
  5 gnolls
  4 adders
  2 worms (D:3)
  3 dart slugs
  12 orcs
  6 endoplasms
  7 giant cockroaches
  11 goblins
  9 hobgoblins
  7 jackals
  3 quokkas
  8 ball pythons
  4 bats
  5 frilled lizards
  9 kobolds
  3 rats
103 creatures vanquished.

Notes
Turn   | Place    | Note
-------+----------+-------------------------------------------
     0 | D:1      | loralnil the Spriggan Enchanter began the quest for the
                  | Orb.
     0 | D:1      | Reached XP level 1. HP: 9/9 MP: 5/5
   203 | D:1      | Reached XP level 2. HP: 13/13 MP: 6/6
   206 | D:1      | Learned a level 2 spell: Ensorcelled Hibernation
   978 | D:1      | Reached skill level 5 in Stealth
   978 | D:1      | Reached XP level 3. HP: 16/16 MP: 3/8
  1243 | D:2      | Reached XP level 4. HP: 20/21 MP: 1/9
  1794 | D:3      | Reached skill level 6 in Stealth
  1957 | D:3      | Reached XP level 5. HP: 24/24 MP: 7/10
  2139 | D:3      | Reached skill level 5 in Hexes
  2454 | D:3      | Found Mouzamiath's Antique Weapon Boutique.
  2866 | D:4      | HP: 1/24 [poisoned by a scorpion]
  3112 | D:4      | Noticed a black bear
  3116 | D:4      | Killed a black bear
  3117 | D:4      | Reached skill level 7 in Stealth
  3117 | D:4      | Reached XP level 6. HP: 28/28 MP: 11/11
  3777 | D:4      | You fall into a shaft and drop 3 floors!
  3843 | D:7      | Found a staircase to the Ecumenical Temple.
  3848 | Temple   | Entered the Ecumenical Temple
  3855 | Temple   | Became a worshipper of Dithmenos the Shadowed
  3902 | D:7      | Slain by a gnoll bouda

Illustrated notes

Levels and vault maps discovered:
D:1:      dpeg_arrival_short_road, layout_basic, chequers_serial_rivers_micro_b
D:2:      layout_rooms, grunt_ministairs_2
D:3:      layout_basic, serial_shops, nicolae_lakefront_shop,
          grunt_decor_one_mirror, st_stairs_9
D:4:      layout_loops_ring
D:7:      layout_loops_corners, temple_doors_e, bh_walls_and_bars, uniq_duvessa
Temple:   hellmonk_temple_of_storms

Skill      XL: |  1  2  3  4  5 |
---------------+----------------+-----
Dodging        | 3 |  3.0
Spellcasting   | 3 |  3.0
Hexes          | 4 5 |  5.9
Stealth        | 5 6 7 |  7.5
Short Blades   | 2 3 4 |  4.3

Action                   |  1- 3 |  4- 6 || total
-------------------------+-------+-------++-------
Melee: Dagger            |    64 |   169 ||   233
       Punch             |       |     1 ||     1
 Cast: Ensorcelled Hiber |    24 |    30 ||    54
  Use: Scroll            |     2 |     6 ||     8
 Stab: Sleeping          |    23 |    27 ||    50
Armor: Robe              |    11 |     9 ||    20
Dodge: Dodged            |    49 |   111 ||   160

Table legend: (Time is in decaauts)
 A = Elapsed time spent in this place.
 B = Non-inter-level travel time spent in this place.
 C = Inter-level travel time spent in this place.
 D = Time resting spent in this place.
 E = Time spent auto-exploring this place.
 F = Levels seen in this place.
 G = Mean time per level.
                   A        B        C        D        E       F      G
               +--------+--------+--------+--------+--------+-----+--------+
         Total |   2919 |   2886 |     33 |    132 |   2149 |   6 |  486.5 |
       Dungeon |   2909 |   2876 |     33 |    132 |   2149 |   5 |  581.8 |
        Temple |      9 |      9 |      0 |      0 |      0 |   1 |    9.0 |
               +--------+--------+--------+--------+--------+-----+--------+

Top non-repeatable levels by time:
     D:3: 889 daAuts
     D:1: 833 daAuts
     D:4: 638 daAuts
     D:2: 477 daAuts
     D:7: 71 daAuts
  Temple: 9 daAuts
